 Seeded DCSS version 0.30.0-15-g856e2d3f33 (webtiles) character file.

Game seed: 12735965570273765983 (custom seed)

59 Pimp the Chopper (level 4, -2/41 HPs)
             Began as a Hill Orc Monk on May 19, 2023.
             Slain by Terence
             ... wielding a +3 flail
              (3 damage)
             ... on level 2 of the Dungeon.
             The game lasted 00:03:46 (1311 turns).

Pimp the Chopper (Hill Orc Monk)                    Turns: 1311, Time: 00:03:46

Health: -2/41      AC: 13    Str: 15    XL:     4   Next: 3%
Magic:  4/4        EV:  4    Int: 13    God:
Gold:   686        SH:  5    Dex: 13    Spells: 3/3 levels left

rFire   . . .        a - +0 hand axe
rCold   . . .        d - orb {light}
rNeg    . . .        k - +0 plate armour
rPois   .            l - +0 helmet
rElec   .            (no cloak)
rCorr   .            j - +1 pair of gloves
SInv    .            (no boots)
Will    .....        e - amulet of Xoastaot {Reflect Int+3 SH+5} Stlth
                     (no ring)
HPRegen 0.26/turn    (no ring)
MPRegen 0.09/turn

%: reflection
@: glowing
A: no striking features
a: no special abilities


You were on level 2 of the Dungeon.
You visited 1 branch of the dungeon, and saw 2 of its levels.

You collected 686 gold pieces.

Inventory:

Hand Weapons
 a - a +0 hand axe (weapon)
Armour
 b - a +0 robe
 d - an orb of light (worn)
 j - a +1 pair of gloves (worn)
 k - a +0 plate armour (worn)
 l - a +0 helmet (worn)
Jewellery
 e - the amulet of Xoastaot (around neck) {Reflect Int+3 SH+5}
   (You acquired it on level 1 of the Dungeon)

   [amulet of reflection]

   It reflects blocked missile attacks.
   Int:       It affects your intelligence (+3).
   SH:        It affects your SH (+5).
Scrolls
 f - a scroll of identify {unknown}
 h - a scroll of vulnerability {unknown}
 m - a scroll of teleportation {unknown}
 n - 2 scrolls of blinking {unknown}
 o - a scroll of noise {unknown}
Potions
 c - a potion of ambrosia
 g - a potion of degeneration {unknown}


   Skills:
 + Level 4.3 Fighting
 + Level 4.9 Axes
 + Level 0.5 Armour
 + Level 3.0 Dodging


You had 3 spell levels left.
You didn't know any spells.
Your spell library was empty.

Dungeon Overview and Level Annotations

Branches:
Dungeon (2/15)

Altars:
Qazlal

Annotations:
D:2 Terence


Message History

Terence hits you with a +3 flail.
You hit Terence.
Terence is moderately wounded.
Terence hits you but does no damage.
You barely miss Terence.
Terence is moderately wounded.
Terence hits you but does no damage.
You hit Terence.
Terence is moderately wounded.
You block Terence's attack.
You barely miss Terence.
Terence is moderately wounded.
Terence hits you but does no damage.
You hit Terence but do no damage.
Terence is moderately wounded.
Terence hits you with a +3 flail.
You hit Terence but do no damage.
Terence is moderately wounded.
Terence hits you but does no damage.
You hit Terence.
Terence is moderately wounded.
Terence hits you with a +3 flail!
You completely miss Terence.
Terence is moderately wounded.
You block Terence's attack.
You hit Terence.
Terence is heavily wounded.
Terence hits you but does no damage.
You completely miss Terence.
Terence is heavily wounded.
Terence hits you with a +3 flail.
* * * LOW HITPOINT WARNING * * *
You hit Terence.
Terence is heavily wounded.
Terence hits you with a +3 flail!
* * * LOW HITPOINT WARNING * * *
It was a potion of magic.
Magic courses through your body.
Terence asks, "Do you want it fast or slow?"
Terence hits you with a +3 flail.
You die...

##############
.............####
##########......###.
#).........
#.._...###
#.....####
#.......<# #
#...#.######..#
#.#.#....@....#
#.#.######@.....# #
#. ......# ##
..>[..# .# ......#
.# ......# .#
####### ## .


You could see Terence.

Vanquished Creatures
  An adder (D:2)
  A worm (D:2)
  5 ball pythons
  A bat (D:2)
  4 endoplasms
  3 goblins
  4 hobgoblins
  7 jackals
  4 quokkas
  2 frilled lizards
  4 kobolds
  4 rats
40 creatures vanquished.

Notes
Turn   | Place    | Note
-------+----------+-------------------------------------------
     0 | D:1      | Pimp the Hill Orc Monk began the quest for the Orb.
     0 | D:1      | Reached XP level 1. HP: 19/19 MP: 1/1
    49 | D:1      | Reached XP level 2. HP: 26/27 MP: 2/2
   488 | D:1      | Reached XP level 3. HP: 33/33 MP: 3/3
   763 | D:1      | Identified 2 scrolls of acquirement
   763 | D:1      | Acquired 633 gold pieces
   764 | D:1      | Acquired the amulet of Xoastaot {Reflect Int+3 SH+5}
  1091 | D:2      | Reached XP level 4. HP: 41/41 MP: 4/4
  1276 | D:2      | Found a stormy altar of Qazlal.
  1287 | D:2      | Noticed Terence
  1310 | D:2      | HP: 1/41 [Terence/+3 flail (8)]
  1311 | D:2      | Slain by Terence

Illustrated notes

Levels and vault maps discovered:
D:1:      dpeg_arrival_long_road, layout_loops_cross, hex_tiny
D:2:      minmay_evil_eye, layout_basic, basic_altar, minmay_ruptured,
          uniq_terence

Skill      XL: |  1  2  3 |
---------------+----------+-----
Fighting       | 4 |  4.3
Dodging        | 3 |  3.0
Axes           | |  4.9
Armour         | |  0.5

Action                     |  1- 3 |  4- 6 || total
---------------------------+-------+-------++-------
  Melee: Hand axe          |    84 |    23 ||   107
    Use: Scroll            |     2 |       ||     2
         Potion            |       |     1 ||     1
 Armour: Robe              |    14 |       ||    14
         Plate armour      |       |     8 ||     8
  Dodge: Dodged            |    45 |     2 ||    47
  Block: Orb               |    10 |     5 ||    15
